 Dungeon Crawl Stone Soup version 0.30.0-17-ge0270778cf (webtiles) character file.

Game seed: 15436493054316179254

34 boopmooplesden the Covered (level 3, -1/33 HPs)
             Began as a Minotaur Fighter on May 21, 2023.
             Slain by Crazy Yiuf
             ... wielding a +4 quarterstaff of chaos
              (13 damage)
             ... on level 2 of the Dungeon.
             The game lasted 00:01:15 (960 turns).

boopmooplesden the Covered (Minotaur Fighter)        Turns: 960, Time: 00:01:16

Health: -1/33      AC:  7    Str: 22    XL:     3   Next: 14%
Magic:  2/2        EV:  9    Int: 11    God:
Gold:   29         SH:  4    Dex:  9    Spells: 2/2 levels left

rFire   . . .        a - +0 war axe
rCold   . . .        c - +0 buckler
rNeg    . . .        b - +0 scale mail
rPois   .            (helmet restricted)
rElec   .            (no cloak)
rCorr   .            (no gloves)
SInv    .            (no boots)
Will    .....        e - amulet of regeneration Stlth
                     f - +6 ring of intelligence
HPRegen 1.05/turn    (no ring)
MPRegen 0.08/turn

%: no passive effects
@: lethally poisoned (-1 -> -14)
A: horns 2, retaliatory headbutt
a: no special abilities


You were on level 2 of the Dungeon.
You visited 1 branch of the dungeon, and saw 2 of its levels.

You collected 29 gold pieces.

Inventory:

Hand Weapons
 a - a +0 war axe (weapon)
Armour
 b - a +0 scale mail (worn)
 c - a +0 buckler (worn)
Jewellery
 e - an amulet of regeneration (around neck)
 f - a +6 ring of intelligence (left hand)
Scrolls
 h - a scroll of torment {unknown}
Potions
 d - a potion of might
 g - a potion of magic {unknown}
 i - a potion of haste {unknown}


   Skills:
 + Level 4.0 Fighting
 + Level 3.0 Axes
 + Level 4.3 Armour
 + Level 3.9 Shields


You had 2 spell levels left.
You didn't know any spells.
Your spell library was empty.

Dungeon Overview and Level Annotations

Branches:
Dungeon (2/15)

Altars:

Annotations:
D:2 Crazy Yiuf


Innate Abilities, Weirdness & Mutations

You have a pair of horns on your head.
You reflexively headbutt those who attack you in melee.


Message History

Found a stone staircase leading up.
e - an amulet of regeneration
h - a scroll labelled OBBACOT XYISAW A goblin comes into view.
It is wielding a +0 dagger.
The goblin shouts!
The goblin barely misses you.
You completely miss the goblin.
A bat comes into view.
The goblin hits you with a +0 dagger. The goblin hits you but does no damage.
You completely miss the goblin. The goblin hits you with a +0 dagger.
You closely miss the goblin. You headbutt the goblin.
You kill the goblin!
You barely miss the bat. The bat barely misses you. The bat closely misses you.
You furiously retaliate!
You headbutt the bat!
You kill the bat!
Things that are here:
a +0 dagger; a goblin corpse You start putting on your amulet.
You continue putting on your amulet of regeneration. x5
You finish putting on your amulet of regeneration.
The amulet throbs as it attunes itself to your uninjured body.
e - an amulet of regeneration (around neck)
Found a hammer.
Found a runed translucent door.
Crazy Yiuf shouts!
Crazy Yiuf laughs, "Two!"
You open the door. You closely miss Crazy Yiuf.
Crazy Yiuf hits you with a +4 quarterstaff of chaos!
You slash Crazy Yiuf!
You headbutt Crazy Yiuf, but do no damage.
Crazy Yiuf is heavily wounded.
You block Crazy Yiuf's attack.
You hit Crazy Yiuf but do no damage.
Crazy Yiuf is heavily wounded.
Crazy Yiuf screams, "Adder mumblescurry poople!"
Crazy Yiuf hits you with a +4 quarterstaff of chaos!
You are lethally poisoned!
Crazy Yiuf whimpers, "Castle unthinkable toodlewoodle!"
Crazy Yiuf hits you with a +4 quarterstaff of chaos!
You die...

#.# #.# ... #.# #.#
#.# ###.######## ###
......#..#.## ###..)#
.####.......####@g...#
.# ###......#..##...#
.# ##.#..#.### ### .#
######## .# .# .# ##


You could see Crazy Yiuf.

Vanquished Creatures
  A dart slug (D:1)
  4 endoplasms
  2 giant cockroaches (D:1)
  2 goblins
  2 hobgoblins
  3 jackals (D:1)
  7 kobolds (D:1)
  5 bats
  2 frilled lizards
28 creatures vanquished.

Notes
Turn   | Place    | Note
-------+----------+-------------------------------------------
     0 | D:1      | boopmooplesden the Minotaur Fighter began the quest for the
                  | Orb.
     0 | D:1      | Reached XP level 1. HP: 19/19 MP: 0/0
   253 | D:1      | Reached XP level 2. HP: 22/27 MP: 1/1
   595 | D:1      | Reached XP level 3. HP: 33/33 MP: 2/2
   953 | D:2      | Found a runed translucent door.
   954 | D:2      | Noticed Crazy Yiuf
   960 | D:2      | Slain by Crazy Yiuf

Illustrated notes

Levels and vault maps discovered:
D:1:      giann_horns, layout_loops_cross
D:2:      layout_loops_cross, hellmonk_ecumenical_altar_heavens_door,
          uniq_crazy_yiuf_cottage

Skill      XL: |  1  2  3 |
---------------+----------+-----
Armour         | 4 |  4.3
Axes           | 3 |  3.0
Fighting       | 4 |  4.0
Shields        | |  3.9

Action                     || total
---------------------------++-------
  Melee: War axe           ||    74
         Headbutt          ||     5
    Use: Scroll            ||     2
 Armour: Scale mail        ||    36
  Dodge: Dodged            ||    50
  Block: Buckler           ||    20
